 Seeded DCSS version 0.31-a0-180-g519b7de00c (webtiles) character file.

Game seed: 18167028583286614026 (custom seed)

3610 innerfire43 the Chopper (level 9, -3/68 HPs)
             Began as a Demonspawn Monk on June 19, 2023.
             Was a High Priest of Cheibriados.
             Slain by a troll (10 damage)
             ... on level 9 of the Dungeon.
             The game lasted 00:13:27 (6687 turns).

innerfire43 the Chopper (Demonspawn Monk)           Turns: 6687, Time: 00:13:27

Health: -3/68      AC: 22    Str: 26      XL:     9   Next: 86%
Magic:  9/9        EV: 16    Int: 20 (23) God:    Cheibriados [*****.]
Gold:   434        SH: 15    Dex: 24 (27) Spells: 8/8 levels left

rFire   . . .        D - +2 mace (protect)
rCold   . . .        n - +3 kite shield {AC+3}
rNeg    . . .        N - +0 steam dragon scales
rPois   +            l - +1 helmet
rElec   .            e - +0 cloak
rCorr   .            (no gloves)
SInv    .            (no boots)
Will    ++...        f - amulet of regeneration
Stlth   ++           q - ring of willpower
HPRegen 1.11/turn    (no ring)
MPRegen 0.11/turn

%: clarity
@: under a protective aura, enlightened, flying, very slow
A: thin metallic scales 2, demonic magic 3, clarity, poison resistance,
devolution 1
a: Renounce Religion, Bend Time, Temporal Distortion, Slouch, Step From Time


You were on level 9 of the Dungeon.
You worshipped Cheibriados.
Cheibriados was extremely pleased with you.
You visited 1 branch of the dungeon, and saw 9 of its levels.

You collected 434 gold pieces.

Inventory:

Hand Weapons
 a - a +0 hand axe
 o - a +3 hand axe of freezing
 D - a +2 mace of protection (weapon)
 K - a +2 hand axe of distortion
Missiles
 p - 7 javelins
 B - a throwing net
Armour
 b - a +0 robe
 d - an orb of light
 e - a +0 cloak (worn)
 l - a +1 helmet (worn)
 n - a +3 kite shield of protection (worn)
 v - a +0 ring mail
 H - a +0 troll leather armour
 N - +0 steam dragon scales (worn)
Jewellery
 c - a +6 ring of dexterity
 f - an amulet of regeneration (around neck)
 q - a ring of willpower (left hand)
 s - an amulet of the acrobat
 y - a ring of wizardry
 z - an amulet of guardian spirit
 C - a ring of ice
Wands
 r - a wand of roots (5)
 I - a wand of polymorph (16)
 J - a wand of quicksilver (10)
Scrolls
 g - 8 scrolls of identify
 j - 3 scrolls of teleportation
 u - 3 scrolls of amnesia
 w - 3 scrolls of noise {unknown}
 x - a scroll of blinking {unknown}
 A - 3 scrolls of fog {unknown}
 E - a scroll of immolation {unknown}
 F - 2 scrolls of fear {unknown}
 G - a scroll of enchant weapon
 O - a scroll of revelation
Potions
 h - a potion of might
 i - a potion of heal wounds {unknown}
 m - a potion of mutation
 t - 2 potions of attraction
 M - a potion of brilliance {unknown}


   Skills:
 + Level 5.4 Fighting
 - Level 6.5(7.4) Axes
 * Level 5.3(6.8) Maces & Flails
 * Level 4.5 Armour
 * Level 6.0 Dodging
 - Level 1.0 Stealth
 * Level 5.5 Shields


You had 8 spell levels left.
You didn't know any spells.
Your spell library contained the following spells:

 Spells                   Type           Power      Damage    Failure   Level
 Poisonous Vapours        Pois/Air       0%         N/A       50%         2
 Sublimation of Blood     Necr           0%         N/A       50%         2
 Wereblood                Tmut           0%         N/A       50%         2
 Gell's Gravitas          Tloc           0%         N/A       73%         3
 Mephitic Cloud           Conj/Pois/Air  0%         N/A       73%         3
 Teleport Other           Tloc           0%         N/A       73%         3
 Animate Dead             Necr           0%         N/A       98%         4
 Borgnjor's Vile Clutch   Necr/Erth      0%         N/A       100%        5
 Freezing Cloud           Conj/Ice/Air   0%         6-21      100%        5
 Death Channel            Necr           0%         N/A       100%        6
 Dispersal                Tloc           0%         N/A       100%        6
 Summon Hydra             Summ           0%         N/A       100%        7


Dungeon Overview and Level Annotations

Branches:
Dungeon (9/15)             Temple (0/1) D:7
   Lair: D:8-11         Orc: D:9-12

Altars:
Cheibriados
Hepliaklqana
Xom


Innate Abilities, Weirdness & Mutations

You are mostly covered in thin metallic scales. (AC +3)
Spells you cast and wands you use may paralyse nearby enemies.
You possess an exceptional clarity of mind.
Your system is resistant to poisons. (rPois)
You have hidden genetic defects.


Message History

You block the troll's attack.
You hit the troll.
The troll is severely wounded.
The troll bites you but does no damage. The troll completely misses you.
You block the troll's attack.
You feel less attractive to monsters.
You thump the troll!
The troll is almost dead.
The troll bites you!
* * * LOW HITPOINT WARNING * * *
You block the troll's attack. x2
It was a potion of enlightenment.
You feel very buoyant.
You fly up into the air.
The troll completely misses you. The troll claws you but does no damage.
The troll closely misses you.
You closely miss the troll.
The troll is almost dead.
You block the troll's attack. x3; The troll bites you.
* * * LOW HITPOINT WARNING * * *
The troll misses you. You block the troll's attack.
You barely miss the troll.
The troll is almost dead.
The troll barely misses you. The troll claws you but does no damage.
The troll barely misses you.
You feel a little less mighty now. The troll bites you.
* * * LOW HITPOINT WARNING * * *
The troll completely misses you. You block the troll's attack.
You block the troll's attack. The troll claws you but does no damage.
The troll barely misses you.
You hit the troll.
Your weapon exudes an aura of protection.
The troll is almost dead.
You block the troll's attack. The troll misses you.
You block the troll's attack.
You closely miss the troll.
The troll is severely wounded.
You block the troll's attack. The troll closely misses you.
You block the troll's attack. The troll closely misses you.
You block the troll's attack. The troll claws you!
You die...

############
#@T.)......#
###†##.#.#.#
#....# ..
#..#.# .#
#.#..# ..
#....# .#
###### .


You could see a troll.

Vanquished Creatures
  A two-headed ogre (D:9)
  A troll (D:9)
  Menkaure (D:6)
  A steam dragon (D:8)
  2 water moccasins
  An ice beast (D:5)
  A black bear (D:6)
  2 sky beasts
  3 orc warriors (D:8)
  A phantom (D:6)
  3 kobold brigands
  A bullfrog (D:7)
  A gnoll sergeant (D:8)
  4 scorpions (D:5)
  4 killer bees (D:9)
  3 howler monkeys
  2 jellies (D:6)
  7 orc priests
  2 hounds
  2 iguanas
  6 orc wizards
  Terence (D:3)
  6 gnolls
  9 adders
  A shadow imp (D:8)
  2 ufetubi
  2 worms (D:3)
  2 dart slugs (D:4)
  37 orcs
  7 endoplasms
  2 giant cockroaches (D:4)
  5 goblins
  8 hobgoblins
  11 jackals
  3 quokkas
  6 ball pythons
  A bat (D:3)
  A frilled lizard (D:1)
  19 kobolds
  8 rats
180 creatures vanquished.

Vanquished Creatures (others)
  A scorpion (D:6)
  An iguana (D:6)
  A gnoll (D:6)
  An orc (D:6)
4 creatures vanquished.

Grand Total: 184 creatures vanquished

Notes
Turn   | Place    | Note
-------+----------+-------------------------------------------
     0 | D:1      | innerfire43 the Demonspawn Monk began the quest for the
                  | Orb.
     0 | D:1      | Reached XP level 1. HP: 18/18 MP: 1/1
   288 | D:1      | Gained mutation: You are partially covered in thin metallic
                  | scales. (AC +2) [demonic ancestry]
   288 | D:1      | Reached XP level 2. HP: 21/24 MP: 2/2
  1452 | D:2      | Gained mutation: Spells you cast may paralyse adjacent
                  | enemies. [demonic ancestry]
  1452 | D:2      | Reached XP level 3. HP: 29/29 MP: 3/3
  2037 | D:3      | Found a glowing drain.
  2077 | D:3      | Reached XP level 4. HP: 20/36 MP: 4/4
  2360 | D:3      | Noticed Terence
  2366 | D:3      | Killed Terence
  2810 | D:4      | Reached XP level 5. HP: 41/42 MP: 5/5
  2830 | D:4      | Reached skill level 5 in Axes
  3032 | D:4      | Gained mutation: Spells you cast may paralyse nearby
                  | enemies. [demonic ancestry]
  3032 | D:4      | Reached XP level 6. HP: 21/48 MP: 6/6
  3486 | D:4      | Found a snail-covered altar of Cheibriados.
  3573 | D:4      | Became a worshipper of Cheibriados the Contemplative
  3573 | D:4      | Reached * piety under Cheibriados
  3573 | D:4      | Reached ** piety under Cheibriados
  3575 | D:4      | Identified a scroll of acquirement
  3576 | D:4      | Acquired a +2 kite shield of protection
  3641 | D:5      | Entered Level 5 of the Dungeon
  3650 | D:5      | Reached skill level 1 in Armour
  3685 | D:5      | Reached XP level 7. HP: 55/55 MP: 7/7
  3950 | D:5      | Reached skill level 1 in Stealth
  3997 | D:5      | Reached skill level 1 in Shields
  4103 | D:5      | Found a hazy altar of Hepliaklqana.
  4240 | D:5      | Reached *** piety under Cheibriados
  4455 | D:6      | Found a shimmering altar of Xom.
  4587 | D:6      | Gained mutation: Spells you cast and wands you use may
                  | paralyse nearby enemies. [demonic ancestry]
  4587 | D:6      | Reached XP level 8. HP: 61/61 MP: 8/8
  4801 | D:6      | Noticed Menkaure
  4808 | D:6      | Reached skill level 1 in Maces & Flails
  4816 | D:6      | Killed Menkaure
  4817 | D:6      | Reached skill level 5 in Fighting
  5227 | D:7      | Found a staircase to the Ecumenical Temple.
  5914 | D:8      | Reached **** piety under Cheibriados
  5997 | D:8      | Gained mutation: You are mostly covered in thin metallic
                  | scales. (AC +3) [demonic ancestry]
  5997 | D:8      | Reached XP level 9. HP: 64/68 MP: 9/9
  6018 | D:8      | Reached skill level 5 in Dodging
  6202 | D:8      | Found a sand-covered staircase.
  6602 | D:9      | Noticed a two-headed ogre
  6637 | D:9      | Killed a two-headed ogre
  6638 | D:9      | Reached skill level 5 in Maces & Flails
  6638 | D:9      | Reached skill level 5 in Shields
  6639 | D:9      | Noticed a troll
  6647 | D:9      | Reached ***** piety under Cheibriados
  6655 | D:9      | Gained mutation: Your system is resistant to poisons.
                  | (rPois) [potion of mutation]
  6655 | D:9      | Gained mutation: You possess an exceptional clarity of
                  | mind. [potion of mutation]
  6655 | D:9      | Gained mutation: You have hidden genetic defects. [potion
                  | of mutation]
  6661 | D:9      | Killed a troll
  6669 | D:9      | Noticed a troll
  6679 | D:9      | HP: 3/68 [troll (8)]
  6683 | D:9      | HP: 1/68 [troll (5)]
  6687 | D:9      | Slain by a troll

Illustrated notes

Levels and vault maps discovered:
D:1:      eino_arrival_water_cross, layout_loops_ring
D:2:      layout_loops_corners
D:3:      layout_loops_ring, cheibrodos_sewer_entry_bend, uniq_terence
D:4:      layout_rooms, marbit_many_paths
D:5:      layout_gridville, mainiacjoe_overflow_brackets, grunt_ministairs_14
D:6:      layout_rooms, xom_confusion_cloud, uniq_menkaure
D:7:      layout_gridville, minmay_temple_entry_offerings, grunt_decor_arrowhead
D:8:      layout_rooms, nicolae_ossuary_entry_false_entrances,
          nicolae_grassy_gnolls
D:9:      layout_roguey, mainiacjoe_overflow_catch_the_wave, serial_shops, shop,
          enter_bailey_8, serial_glass, glass_columns_b, glass_columns_c,
          glass_columns_b, glass_columns_a, glass_columns_b, glass_columns_a,
          st_stairs_10, kennysheep_generic_room_14, uniq_psyche

Skill      XL: |  1  2  3  4  5  6  7  8  9 |
---------------+----------------------------+-----
Axes           | 3 4 5 6 |  6.5
Dodging        | 3 4 6 |  6.0
Fighting       | 4 5 |  5.4
Armour         | 1 2 3 4 |  4.5
Stealth        | 1 |  1.0
Shields        | 1 4 5 |  5.5
Maces & Flails | 3 5 |  5.3

Action                     |  1- 3 |  4- 6 |  7- 9 || total
---------------------------+-------+-------+-------++-------
  Melee: Hand axe          |    97 |   142 |    70 ||   309
         Mace              |       |       |   312 ||   312
    Use: Scroll            |       |     6 |     2 ||     8
         Potion            |       |       |    10 ||    10
   Stab: Sleeping          |     1 |       |     1 ||     2
 Armour: Robe              |    17 |     7 |       ||    24
         Ring mail         |       |    61 |   166 ||   227
         Steam dragon scal |       |       |    71 ||    71
  Dodge: Dodged            |    62 |    93 |   236 ||   391
  Block: Kite shield       |       |     8 |   383 ||   391

Table legend: (Time is in decaauts)
 A = Elapsed time spent in this place.
 B = Non-inter-level travel time spent in this place.
 C = Inter-level travel time spent in this place.
 D = Time resting spent in this place.
 E = Time spent auto-exploring this place.
 F = Levels seen in this place.
 G = Mean time per level.
                   A        B        C        D        E       F      G
               +--------+--------+--------+--------+--------+-----+--------+
         Total |   8355 |   7881 |    474 |      0 |   5875 |   9 |  928.3 |
       Dungeon |   8355 |   7881 |    474 |      0 |   5875 |   9 |  928.3 |
               +--------+--------+--------+--------+--------+-----+--------+

Top non-repeatable levels by time:
     D:7: 1311 daAuts
     D:2: 1181 daAuts
     D:5: 1178 daAuts
     D:8: 1153 daAuts
     D:6: 909 daAuts
     D:4: 862 daAuts
     D:1: 848 daAuts
     D:3: 797 daAuts
     D:9: 113 daAuts
